 Dungeon Crawl Stone Soup version 0.29.1-2-gbd0b4ee654 (webtiles) character file.

Game seed: 13886581485416012774

335 safid the Shooter (level 6, -10/57 HPs)
             Began as a Minotaur Hunter on Nov 1, 2022.
             Mangled by Blork the orc
             ... wielding a +0 halberd
              (13 damage)
             ... on level 4 of the Dungeon.
             The game lasted 00:07:29 (4068 turns).

safid the Shooter (Minotaur Hunter)                 Turns: 4068, Time: 00:07:30

Health: -10/57     AC:  6    Str: 20    XL:     6   Next: 28%
Magic:  5/5        EV: 12    Int:  5    God:
Gold:   147        SH:  0    Dex: 14    Spells: 5/5 levels left

rFire   . . .      SeeInvis .   a - +0 shortbow
rCold   . . .      Faith    .   (shield currently unavailable)
rNeg    . . .      Spirit   .   q - +3 leather armour
rPois   +          Reflect  .   (helmet restricted)
rElec   .          Harm     .   (no cloak)
rCorr   .          Rampage  .   (no gloves)
Will    .....                   (no boots)
Stlth   +.........              (no amulet)
HPRegen 0.19/turn               (no ring)
MPRegen 0.09/turn               (no ring)

@: unable to read
A: horns 2, retaliatory headbutt, poison resistance, strong 1, inability to read
after injury 1
a: no special abilities


You were on level 4 of the Dungeon.
You visited 1 branch of the dungeon, and saw 4 of its levels.

You collected 147 gold pieces.

Inventory:

Hand Weapons
 a - a +0 shortbow (weapon)
Missiles
 c - 6 javelins
Armour
 q - a +3 leather armour (worn)
Wands
 g - a wand of flame (10)
 p - a wand of polymorph (9)
Scrolls
 b - a scroll of immolation
 d - a scroll of noise {unknown}
 e - a scroll of enchant weapon {unknown}
 f - 2 scrolls of vulnerability {unknown}
 h - a scroll of brand weapon {unknown}
 j - 2 scrolls of amnesia {unknown}
 k - 3 scrolls of fog {unknown}
 l - 2 scrolls of teleportation {unknown}
 m - a scroll of enchant armour {unknown}
 o - a scroll of magic mapping {unknown}


   Skills:
 + Level 5.9 Fighting
 + Level 6.7 Ranged Weapons
 - Level 2.1 Dodging
 - Level 0.7 Stealth


You had 5 spell levels left.
You didn't know any spells.
Your spell library contained the following spells:

 Spells                   Type           Power      Damage    Failure   Level
 Apportation              Tloc           0%         N/A       54%         1
 Freeze                   Ice            0%         1d3       54%         1
 Frozen Ramparts          Ice            0%         1d1       88%         3
 Hailstorm                Conj/Ice       0%         3d3       99%         4


Dungeon Overview and Level Annotations

Branches:
Dungeon (4/15)
 Temple: D:4-7

Altars:
Elyvilon
Nemelex Xobeh
Vehumet
Xom

Annotations:
D:4 Blork the orc


Innate Abilities, Weirdness & Mutations

You have a pair of horns on your head.
You reflexively headbutt those who attack you in melee.
Your system is resistant to poisons. (rPois)
Your muscles are strong. (Str +4, Int/Dex -1)
You occasionally lose the ability to read scrolls when taking damage.


Message History

Aim: Blork the orc, wielding a +0 halberd and wearing a +0 robe (severely wounded, 68% to hit)
You shoot an arrow. The arrow hits Blork the orc.
Blork the orc is severely wounded.
Blork the orc screams, "You are the ugliest creature I've ever seen!"
Blork the orc points at you and mumbles some strange words.
The puff of frost hits you.
Unknown command.
Fire: a) +0 shortbow
Press: ? - help, Q - select action, (/) - cycle Shift-Dir - straight line, f/p - Blork the orc
Aim: Blork the orc, wielding a +0 halberd and wearing a +0 robe (severely wounded, 68% to hit)
You shoot an arrow. The arrow barely misses Blork the orc.
Blork the orc screams, "I'll break your arms!"
Blork the orc hits you from afar with a +0 halberd.
* * * LOW HITPOINT WARNING * * *
Fire: a) +0 shortbow
Press: ? - help, Q - select action, (/) - cycle Shift-Dir - straight line, f/p - Blork the orc
Aim: Blork the orc, wielding a +0 halberd and wearing a +0 robe (severely wounded, 68% to hit)
You shoot an arrow.
The arrow hits Blork the orc but does no damage.
Blork the orc is severely wounded.
You can read scrolls again.
Blork the orc completely misses you.
Blork the orc hits you from afar with a +0 halberd!
* * * LOW HITPOINT WARNING * * *
Fire: a) +0 shortbow
Press: ? - help, Q - select action, (/) - cycle Shift-Dir - straight line, f/p - Blork the orc
Aim: Blork the orc, wielding a +0 halberd and wearing a +0 robe (severely wounded, 68% to hit)
You shoot an arrow. The arrow closely misses Blork the orc.
Blork the orc closely misses you.
You aren't carrying any potions.
Unknown command.
Fire: a) +0 shortbow
Press: ? - help, Q - select action, (/) - cycle Shift-Dir - straight line, f/p - Blork the orc
Aim: Blork the orc, wielding a +0 halberd and wearing a +0 robe (severely wounded, 68% to hit)
You shoot an arrow. The arrow hits Blork the orc.
Blork the orc is severely wounded.
Blork the orc screams, "I'm going to kill you!"
Blork the orc hits you from afar with a +0 halberd!
You feel threatened and lose the ability to read scrolls!
You die...

#### ... #.#
##.#####)#####..
#.$.....@.o.....
#..#####.#####.>
####..#####.......#
#.....).....#######
#.##.##.#####
##.##.##.########
#. ....#.##.....#
#..#.#.#.##(....#
#..#.#.#.##.[...#


You could see Blork the orc.

Vanquished Creatures
  An ogre (D:4)
  An orc priest (D:3)
  Jessica (D:2)
  Terence (D:3)
  An orc wizard (D:4)
  Robin (D:3)
  3 gnolls (D:3)
  2 adders
  2 worms (D:2)
  A dart slug (D:1)
  7 orcs
  3 bats
  6 endoplasms
  3 giant cockroaches
  11 goblins
  7 hobgoblins
  3 jackals (D:1)
  3 quokkas
  7 ball pythons
  2 frilled lizards
  3 kobolds
  6 rats
75 creatures vanquished.

Vanquished Creatures (others)
  A goblin (D:3)
1 creature vanquished.

Grand Total: 76 creatures vanquished

Notes
Turn   | Place    | Note
-------+----------+-------------------------------------------
     0 | D:1      | safid the Minotaur Hunter began the quest for the Orb.
     0 | D:1      | Reached XP level 1. HP: 18/18 MP: 0/0
   188 | D:1      | Found a faded altar of an unknown god.
   248 | D:1      | Reached XP level 2. HP: 26/26 MP: 1/1
  1083 | D:2      | Reached skill level 5 in Ranged Weapons
  1083 | D:2      | Reached XP level 3. HP: 31/31 MP: 2/2
  1645 | D:2      | Noticed Jessica
  1648 | D:2      | Killed Jessica
  1649 | D:2      | Reached XP level 4. HP: 40/40 MP: 3/3
  1746 | D:2      | Got Jessica's Folio of Orientation
  2241 | D:3      | Found a sparkling altar of Nemelex Xobeh.
  2245 | D:3      | Found a shimmering altar of Xom.
  2279 | D:3      | Noticed Robin
  2322 | D:3      | Killed Robin
  2669 | D:3      | Noticed Terence
  2684 | D:3      | Killed Terence
  2685 | D:3      | Reached XP level 5. HP: 22/47 MP: 4/4
  2691 | D:3      | Reached skill level 5 in Fighting
  2691 | D:3      | Reached skill level 6 in Ranged Weapons
  2989 | D:3      | Found a white marble altar of Elyvilon.
  3101 | D:3      | Found a radiant altar of Vehumet.
  3614 | D:4      | Noticed an ogre
  3622 | D:4      | HP: 1/48 [ogre/+0 giant club (25)]
  3623 | D:4      | Killed an ogre
  3624 | D:4      | Reached XP level 6. HP: 1/57 MP: 5/5
  3807 | D:4      | Gained mutation: Your muscles are strong. (Str +4, Int/Dex
                  | -1) [potion of mutation]
  3807 | D:4      | Gained mutation: Your system is resistant to poisons.
                  | (rPois) [potion of mutation]
  3807 | D:4      | Gained mutation: You occasionally lose the ability to read
                  | scrolls when taking damage. [potion of mutation]
  4050 | D:4      | Noticed Blork the orc
  4068 | D:4      | Mangled by Blork the orc

Illustrated notes

Levels and vault maps discovered:
D:1:      dpeg_arrival_more_subterranean_lakeside_camping, layout_basic,
          shapermc_ecumenical_altar_totnotflames, minmay_misc_feat_nine_boxes,
          minivault_23
D:2:      layout_basic, kennysheep_jessica_study
D:3:      layout_basic, nicolae_vehumet_altar_sigil, elyvilon_altar_3,
          mainiacjoe_overflow_catwalk_spiral, serial_glass, glass_columns_c,
          glass_columns_c, uniq_terence, uniq_robin
D:4:      layout_loops_cross, minmay_unequal, uniq_blork_the_orc

Skill      XL: |  1  2  3  4  5 |
---------------+----------------+-----
Fighting       | 3 4 5 |  5.9
Ranged Weapons | 5 6 |  6.7
Dodging        | |  2.1
Stealth        | |  0.7

Action                   |  1- 3 |  4- 6 || total
-------------------------+-------+-------++-------
 Fire: Shortbow          |   106 |   165 ||   271
  Use: Potion            |       |     5 ||     5
Armor: Leather armour    |     9 |    34 ||    43
Dodge: Dodged            |    34 |    89 ||   123
